EL
ALTOONA CURVE @ COLUMBIA FIREFLIES
09/12/2045
 
TOP OF THE 1ST
Altoona Curve batting - Pitching for Columbia Fireflies : RHP Hugo Valentin
Pitching: RHP Hugo Valentin
Batting: RHB Ron Corn 0-0: Ball
1-0: Foul Ball, location: 2F
1-1: Swinging Strike
1-2: Strikes out looking
Batting: RHB John Goynes 0-0: Ball
1-0: Fly out, F4 (Popup, 34D, EV 64.4 MPH)
Batting: LHB Micah Boshnjaku 0-0: Called Strike
0-1: Called Strike
0-2: Ball
1-2: Foul Ball, location: 2F
1-2: Foul Ball, location: 2F
1-2: Ball
2-2: Ball
3-2: Foul Ball, location: 2F
3-2: SINGLE (Groundball, 25, EV 69.4 MPH) (infield hit)
Batting: RHB Jeremy Boerman 0-0: Ball
1-0: Called Strike
1-1: Ball
2-1: Foul Ball, location: 2F
2-2: Strikes out swinging
Top of the 1st over - 0 runs, 1 hit, 0 errors, 1 left on base; Altoona 0 - Columbia 0
BOTTOM OF THE 1ST
Columbia Fireflies batting - Pitching for Altoona Curve : LHP Ryan Rakoff
Pitching: LHP Ryan Rakoff
Batting: RHB Mike Phillips 0-0: Called Strike
0-1: Ball
1-1: Swinging Strike
1-2: Ball
2-2: Foul Ball, location: 2F
2-2: Strikes out swinging, 2-3 out at first.
Batting: RHB Masaya Nakamura 0-0: Called Strike
0-1: Ball
1-1: Called Strike
1-2: Ball
2-2: Ground out 5-3 (Groundball, 56, EV 83.8 MPH)
Batting: RHB Josh Jones 0-0: Called Strike
0-1: DOUBLE (Line Drive, 89D, EV 106.9 MPH)
Batting: RHB Billy Walker 0-0: Called Strike
0-1: Ball
1-1: Foul Ball, location: 2F
1-2: Fly out, F3 (Line Drive, 3, EV 71.2 MPH)
Bottom of the 1st over - 0 runs, 1 hit, 0 errors, 1 left on base; Altoona 0 - Columbia 0
TOP OF THE 2ND
Altoona Curve batting - Pitching for Columbia Fireflies : RHP Hugo Valentin
Batting: RHB Brian Moore 0-0: Called Strike
0-1: Swinging Strike
0-2: Foul Ball, location: 2F
0-2: Strikes out swinging
Batting: RHB Nelson Ozuna 0-0: Ground out 6-3 (Groundball, 6, EV 106.9 MPH)
Batting: LHB Aito Harada 0-0: Called Strike
0-1: Foul Ball, location: 2F
0-2: Foul Ball, location: 2F
0-2: Ball
1-2: Strikes out swinging
Top of the 2nd over - 0 runs, 0 hits, 0 errors, 0 left on base; Altoona 0 - Columbia 0
BOTTOM OF THE 2ND
Columbia Fireflies batting - Pitching for Altoona Curve : LHP Ryan Rakoff
Batting: RHB Chris Nelson 0-0: Called Strike
0-1: Swinging Strike
0-2: Strikes out swinging
Batting: LHB Jose Chavez 0-0: Ground out 4-3 (Groundball, 34, EV 110.0 MPH)
Batting: RHB Jeff Page 0-0: Called Strike
0-1: Ball
1-1: Ball
2-1: Ball
3-1: Fly out, F3 (Line Drive, 3, EV 69.4 MPH)
Bottom of the 2nd over - 0 runs, 0 hits, 0 errors, 0 left on base; Altoona 0 - Columbia 0
TOP OF THE 3RD
Altoona Curve batting - Pitching for Columbia Fireflies : RHP Hugo Valentin
Batting: RHB Keiji Nakajima 0-0: Swinging Strike
0-1: Called Strike
0-2: Strikes out looking
Batting: RHB Killian Jones 0-0: SINGLE (Flyball, 34D, EV 77.5 MPH)
Batting: RHB Ron Corn 0-0: Fly out, F7 (Flyball, 7S, EV 87.5 MPH)
Batting: RHB John Goynes 0-0: Called Strike
0-1: Fielders Choice at 2nd, 6-4 (Groundball, 6, EV 85.6 MPH)
Top of the 3rd over - 0 runs, 1 hit, 0 errors, 1 left on base; Altoona 0 - Columbia 0
BOTTOM OF THE 3RD
Columbia Fireflies batting - Pitching for Altoona Curve : LHP Ryan Rakoff
Batting: RHB Jerry Burch 0-0: Ball
1-0: Called Strike
1-1: Ball
2-1: Swinging Strike
2-2: Strikes out swinging
Batting: LHB Elmo Dreier 0-0: Ground out U3 (Groundball, 3, EV 88.1 MPH)
Batting: RHB Mike Phillips 0-0: Ball
1-0: Ground out 5-3 (Groundball, 5S, EV 90.0 MPH)
Bottom of the 3rd over - 0 runs, 0 hits, 0 errors, 0 left on base; Altoona 0 - Columbia 0
TOP OF THE 4TH
Altoona Curve batting - Pitching for Columbia Fireflies : RHP Hugo Valentin
Batting: LHB Micah Boshnjaku 0-0: Foul Ball, location: 2F
0-1: Foul Ball, location: 2F
0-2: Ball
1-2: Foul Ball, location: 2F
1-2: Foul Ball, location: 2F
1-2: Ball
2-2: Foul Ball, location: 2F
2-2: Ball
3-2: Fly out, F9 (Line Drive, 89S, EV 109.4 MPH)
Batting: RHB Jeremy Boerman 0-0: Ball
1-0: DOUBLE (Line Drive, 9LS, EV 87.5 MPH)
Batting: RHB Brian Moore 0-0: Ground out 2-3 (Groundball, 2L, EV 63.8 MPH)
Jeremy Boerman to third
Batting: RHB Nelson Ozuna 0-0: Ball
1-0: Called Strike
1-1: Foul Ball, location: 2F
1-2: Fly out, F9 (Line Drive, 9, EV 88.8 MPH)
Top of the 4th over - 0 runs, 1 hit, 0 errors, 1 left on base; Altoona 0 - Columbia 0
BOTTOM OF THE 4TH
Columbia Fireflies batting - Pitching for Altoona Curve : LHP Ryan Rakoff
Batting: RHB Masaya Nakamura 0-0: Foul Ball, location: 2F
0-1: Foul Ball, location: 2F
0-2: Ball
1-2: Ball
2-2: Ball
3-2: Ground out 6-3 (Groundball, 6, EV 85.6 MPH)
Batting: RHB Josh Jones 0-0: Ball
1-0: Foul Ball, location: 2F
1-1: Ground out 6-3 (Groundball, 6, EV 94.4 MPH)
Batting: RHB Billy Walker 0-0: Ball
1-0: Called Strike
1-1: Swinging Strike
1-2: Foul Ball, location: 2F
1-2: Foul Ball, location: 2F
1-2: Ball
2-2: Ball
3-2: Ground out 3-1 (Groundball, 34, EV 106.2 MPH)
Bottom of the 4th over - 0 runs, 0 hits, 0 errors, 0 left on base; Altoona 0 - Columbia 0
TOP OF THE 5TH
Altoona Curve batting - Pitching for Columbia Fireflies : RHP Hugo Valentin
Batting: LHB Aito Harada 0-0: Fly out, F8 (Flyball, 8LXD, EV 109.4 MPH)
Batting: RHB Keiji Nakajima 0-0: Ball
1-0: SINGLE (Line Drive, 7S, EV 100.6 MPH)
Batting: RHB Killian Jones 0-0: Ball
1-0: Swinging Strike
1-1: Called Strike
1-2: Fly out, F8 (Line Drive, 8RD, EV 110.6 MPH)
Batting: RHB Ron Corn 0-0: Ball
1-0: Fly out, F7 (Flyball, 7LM, EV 91.2 MPH)
Top of the 5th over - 0 runs, 1 hit, 0 errors, 1 left on base; Altoona 0 - Columbia 0
BOTTOM OF THE 5TH
Columbia Fireflies batting - Pitching for Altoona Curve : LHP Ryan Rakoff
Batting: RHB Chris Nelson 0-0: Ball
1-0: Foul Ball, location: 2F
1-1: Swinging Strike
1-2: Ball
2-2: Ball
3-2: Foul Ball, location: 2F
3-2: Base on Balls
Batting: LHB Jose Chavez 0-0: Called Strike
0-1: Ball
1-1: Called Strike
1-2: Strikes out swinging
Batting: RHB Jeff Page 0-0: Ball
1-0: Ball
2-0: Called Strike
2-1: Foul Ball, location: 2F
2-2: Foul Ball, location: 2F
2-2: Foul Ball, location: 2F
2-2: Ball
3-2: Base on Balls
Chris Nelson to second
Batting: RHB Jerry Burch 0-0: Ball
1-0: Called Strike
1-1: Ball
2-1: Ball
Wild Pitch!
Chris Nelson to third
Jeff Page to second
3-1: Fly out, F4 (Line Drive, 4, EV 67.5 MPH)
Batting: LHB Elmo Dreier 0-0: Ball
1-0: SINGLE (Groundball, 4MD, EV 105.6 MPH)
Chris Nelson scores
Jeff Page to third
Runner from 3rd tries for Home, SAFE, throw by CF to home
Batting: RHB Mike Phillips 0-0: Ball
Pickoff Throw to First - Out! 1-3
Bottom of the 5th over - 2 runs, 1 hit, 0 errors, 0 left on base; Altoona 0 - Columbia 2
TOP OF THE 6TH
Altoona Curve batting - Pitching for Columbia Fireflies : RHP Hugo Valentin
Batting: RHB John Goynes 0-0: Called Strike
0-1: Called Strike
0-2: Strikes out swinging
Batting: LHB Micah Boshnjaku 0-0: Called Strike
0-1: Foul Ball, location: 2F
0-2: Strikes out swinging
Batting: RHB Jeremy Boerman 0-0: Ball
1-0: Called Strike
1-1: Ball
2-1: Fly out, F5 (Popup, 56S, EV 88.1 MPH)
Top of the 6th over - 0 runs, 0 hits, 0 errors, 0 left on base; Altoona 0 - Columbia 2
BOTTOM OF THE 6TH
Columbia Fireflies batting - Pitching for Altoona Curve : LHP Ryan Rakoff
Batting: RHB Mike Phillips 0-0: Foul Ball, location: 2F
0-1: Foul Ball, location: 2F
0-2: Ball
1-2: Fly out, F2 (Popup, 2LF, EV 93.8 MPH)
Batting: RHB Masaya Nakamura 0-0: Foul Ball, location: 2F
0-1: Ball
1-1: Ball
2-1: Fly out, F9 (Flyball, 9D, EV 96.2 MPH)
Batting: RHB Josh Jones 0-0: Ground out 6-3 (Groundball, 6, EV 86.9 MPH)
Bottom of the 6th over - 0 runs, 0 hits, 0 errors, 0 left on base; Altoona 0 - Columbia 2
TOP OF THE 7TH
Altoona Curve batting - Pitching for Columbia Fireflies : RHP Hugo Valentin
Batting: RHB Brian Moore 0-0: Ball
1-0: Called Strike
1-1: Ball
2-1: Ball
3-1: SINGLE (Line Drive, 89S, EV 108.8 MPH)
Batting: RHB Nelson Ozuna 0-0: Ball
1-0: Foul Ball, location: 2F
1-1: Ball
2-1: Foul Ball, location: 2F
2-2: Ball
3-2: Fly out, F7 (Flyball, 7LD, EV 83.1 MPH)
Batting: LHB Aito Harada 0-0: Ball
1-0: Called Strike
1-1: Ball
2-1: Ball
3-1: Base on Balls
Brian Moore to second
Pinch Runner at 2nd Chris Pozzi:
Batting: RHB Keiji Nakajima 0-0: Ball
1-0: Foul Ball, location: 2F
1-1: Ball
2-1: Ball
3-1: Foul Ball, location: 2F
3-2: Foul Ball, location: 2F
3-2: Foul Ball, location: 2F
3-2: SINGLE (Line Drive, 34, EV 105.6 MPH)
Chris Pozzi to third
Aito Harada to second
Batting: RHB Killian Jones 0-0: Called Strike
0-1: Swinging Strike
0-2: Strikes out swinging
Batting: RHB Ron Corn 0-0: Ground out 3-1 (Groundball, 34S, EV 87.5 MPH)
Top of the 7th over - 0 runs, 2 hits, 0 errors, 3 left on base; Altoona 0 - Columbia 2
BOTTOM OF THE 7TH
Columbia Fireflies batting - Pitching for Altoona Curve : LHP Ryan Rakoff
Now at 3B: Chris Pozzi
Batting: RHB Billy Walker 0-0: Called Strike
0-1: Fly out, F8 (Flyball, 8LXD, EV 102.5 MPH)
Batting: RHB Chris Nelson 0-0: DOUBLE (Groundball, 5L, EV 101.9 MPH)
Batting: LHB Jose Chavez 0-0: Ball
1-0: Swinging Strike
1-1: Foul Ball, location: 2F
1-2: Ball
2-2: Ground out 4-3 (Groundball, 4, EV 84.4 MPH)
Chris Nelson to third
Pitching: RHP Serguei Rudakovsky
Batting: RHB Jeff Page 0-0: Called Strike
0-1: Ball
1-1: Ground out 5-3 (Groundball, 56, EV 82.5 MPH)
Bottom of the 7th over - 0 runs, 1 hit, 0 errors, 1 left on base; Altoona 0 - Columbia 2
TOP OF THE 8TH
Altoona Curve batting - Pitching for Columbia Fireflies : RHP Hugo Valentin
Batting: RHB John Goynes 0-0: Called Strike
0-1: Swinging Strike
0-2: Foul Ball, location: 2F
0-2: Ball
1-2: Strikes out swinging
Pitching: LHP Frank Rowe
Batting: LHB Micah Boshnjaku 0-0: Called Strike
0-1: Ball
1-1: Ball
2-1: Foul Ball, location: 2F
2-2: Foul Ball, location: 2F
2-2: Ball
3-2: Foul Ball, location: 2F
3-2: SINGLE (Line Drive, 5D, EV 96.9 MPH)
Pitching: RHP Ian Daniels
Batting: RHB Jeremy Boerman 0-0: Called Strike
0-1: Foul Ball, location: 2F
0-2: Ball
1-2: Foul Ball, location: 2F
1-2: Grounds into double play, 5-4-3 (Groundball, 5L, EV 103.8 MPH)
Top of the 8th over - 0 runs, 1 hit, 0 errors, 0 left on base; Altoona 0 - Columbia 2
BOTTOM OF THE 8TH
Columbia Fireflies batting - Pitching for Altoona Curve : RHP Serguei Rudakovsky
Batting: RHB Jerry Burch 0-0: Ball
1-0: Ground out 6-3 (Groundball, 6, EV 105.6 MPH)
Batting: LHB Elmo Dreier 0-0: Ball
1-0: Foul Ball, location: 2F
1-1: Foul Ball, location: 2F
1-2: Ball
2-2: Foul Ball, location: 2F
2-2: Foul Ball, location: 2F
2-2: Foul Ball, location: 2F
2-2: Foul Ball, location: 2F
2-2: Ball
3-2: Ground out 6-3 (Groundball, 6, EV 98.1 MPH)
Batting: RHB Mike Phillips 0-0: Foul Ball, location: 2F
0-1: Fly out, F8 (Line Drive, 8RM, EV 96.2 MPH)
Bottom of the 8th over - 0 runs, 0 hits, 0 errors, 0 left on base; Altoona 0 - Columbia 2
TOP OF THE 9TH
Altoona Curve batting - Pitching for Columbia Fireflies : RHP Ian Daniels
Pitching: RHP Casey Cuomo
Batting: RHB Chris Pozzi 0-0: Called Strike
0-1: Ball
1-1: Ball
2-1: Foul Ball, location: 2F
2-2: Fly out, F3 (Popup, 3F, EV 61.2 MPH)
Batting: RHB Nelson Ozuna 0-0: Foul Ball, location: 2F
0-1: Ball
1-1: Ball
2-1: Called Strike
2-2: Fly out, F7 (Flyball, 78D, EV 90.0 MPH)
Batting: LHB Aito Harada 0-0: Called Strike
0-1: Ball
1-1: Ball
2-1: Called Strike
2-2: Ball
3-2: Strikes out swinging
Top of the 9th over - 0 runs, 0 hits, 0 errors, 0 left on base; Altoona 0 - Columbia 2
Wednesday, June 22nd , 2022 - OOTP Baseball 23.4 Build 64